 Dungeon Crawl Stone Soup version 0.29.0-4-gdea44cf6ec (webtiles) character file.

Game seed: 18165798720439271289

39 qw the Chopper (level 3, -6/21 HPs)
             Began as a Tengu Warper on Aug 28, 2022.
             Mangled by a worm (10 damage)
             ... on level 2 of the Dungeon.
             The game lasted 00:00:06 (948 turns).

qw the Chopper (Tengu Warper)                        Turns: 948, Time: 00:00:07

Health: -6/21      AC:  4    Str: 13    XL:     3   Next: 47%
Magic:  7/7        EV: 12    Int: 13    God:
Gold:   89         SH:  0    Dex: 13    Spells: 6/6 levels left

rFire   . . .      SeeInvis +   Y - +0 hand axe
rCold   . . .      Faith    .   (no shield)
rNeg    . . .      Spirit   .   b - +0 leather armour
rPois   .          Reflect  .   (helmet restricted)
rElec   .          Harm     .   f - +0 cloak
rCorr   .          Rampage  .   (no gloves)
Will    .....                   (boots unavailable)
Stlth   +.........              (no amulet)
HPRegen 0.07/turn               i - ring of see invisible
MPRegen 0.10/turn               (no ring)

@: no status effects
A: beak, talons 3
a: no special abilities


You were on level 2 of the Dungeon.
You visited 1 branch of the dungeon, and saw 2 of its levels.

You collected 89 gold pieces.


Innate Abilities, Weirdness & Mutations

You have a beak for a mouth.
You have claws for feet.


   Skills:
 - Level 2.0 Fighting
 + Level 4.2 Axes
 - Level 1.0 Throwing
 - Level 1.1 Armour
 - Level 2.1 Dodging
 - Level 2.0 Spellcasting
 - Level 2.4 Translocations


You had 6 spell levels left.
You didn't know any spells.
Your spell library contained the following spells:

 Spells                   Type           Power      Damage    Failure   Level
 Blink                    Tloc           14%        N/A       19%         2
 Gell's Gravitas          Tloc           7%         N/A       36%         3
 Lesser Beckoning         Tloc           7%         N/A       36%         3
 Teleport Other           Tloc           7%         N/A       36%         3
 Manifold Assault         Tloc           7%         N/A       98%         5

Inventory:

Hand Weapons
 j - a +0 mace
 Y - a +0 hand axe (weapon)
Armour
 b - a +0 leather armour (worn)
 d - a +3 ring mail
 f - a +0 cloak (worn)
Jewellery
 g - an amulet of faith
 i - a ring of see invisible (left hand)
Scrolls
 a - a scroll of identify {unknown}
Potions
 c - a potion of mutation {unknown}
 e - a potion of might {unknown}
 h - a potion of brilliance {unknown}
 k - a potion of ambrosia {unknown}

Dungeon Overview and Level Annotations

Branches:
Dungeon (2/15)

Altars:


Message History

You now have 89 gold pieces (gained 11).
Found a stone staircase leading down.
A goblin comes into view. It is wielding a +0 dagger.
The goblin shouts!
You hit the goblin. You claw the goblin.
You kill the goblin!
A ball python comes into view.
The ball python hisses angrily.
You closely miss the ball python. Your kick misses the ball python.
The ball python bites you but does no damage.
The ball python closely misses you.
You hit the ball python.
You kill the ball python!
d - a +3 ring mail A rat comes into view.
Found 3 stones.
You hit the rat but do no damage. Your kick misses the rat.
The rat bites you but does no damage. The rat misses you.
You hit the rat but do no damage. You claw the rat.
You kill the rat!
Found 3 large rocks.
Found a stone staircase leading up.
g - an amulet of faith
Found an escape hatch in the floor.
h - an inky potion A worm comes into view.
You hit the worm. You claw the worm. You peck the worm.
The worm is moderately wounded.
You hit the worm.
The worm is moderately wounded.
The worm bites you!
You hit the worm. Your kick misses the worm.
The worm is heavily wounded.
The worm bites you!
You hit the worm but do no damage. You claw the worm.
The worm is heavily wounded.
You barely miss the worm. You claw the worm.
The worm is severely wounded.
The worm bites you!
You die...

..############
.........>...#
#...w@.....#
#.#######..#
#.<#
###..######
#.........#
#.#..####.#
#.#..#
#####.#..##
#...
..........#


You could see a worm.

Vanquished Creatures
  4 bats (D:1)
  An endoplasm (D:1)
  A giant cockroach (D:2)
  5 goblins
  2 hobgoblins (D:1)
  7 jackals (D:1)
  4 kobolds (D:1)
  A quokka (D:1)
  3 ball pythons
  A frilled lizard (D:1)
  3 rats
32 creatures vanquished.

Vanquished Creatures (others)
  A plant (D:2)
1 creature vanquished.

Grand Total: 33 creatures vanquished

Notes
Turn   | Place    | Note
-------+----------+-------------------------------------------
     0 | D:1      | qw the Tengu Warper began the quest for the Orb.
     0 | D:1      | Reached XP level 1. HP: 12/12 MP: 4/4
     0 | D:1      | 0 ||| qw: Version: 0.1-a-89-g26bdef1
     0 | D:1      | 0 ||| qw: Game counter: 1417
     0 | D:1      | 0 ||| qw: Always use a shield: true
     0 | D:1      | 0 ||| qw: God list: Okawaru
     0 | D:1      | 0 ||| qw: Allow faded altars: false
     0 | D:1      | 0 ||| qw: Do Orc after D:15 true
     0 | D:1      | 0 ||| qw: Do second Lair branch before Depths: true
     0 | D:1      | 0 ||| qw: Lair rune preference: random
     0 | D:1      | 0 ||| qw: Plans: Normal
     0 | D:1      | 0 ||| PLANNING D:1-11
   143 | D:1      | Reached XP level 2. HP: 17/17 MP: 6/6
   163 | D:1      | Reached skill level 3 in Axes
   307 | D:1      | 307 ||| DROPPING +0 club.
   526 | D:1      | Reached XP level 3. HP: 16/21 MP: 7/7
   637 | D:1      | Reached skill level 4 in Axes
   788 | D:1      | 788 ||| UPGRADING to +0 cloak.
   793 | D:1      | 793 ||| UPGRADING to ring of see invisible.
   794 | D:1      | 794 ||| READING scroll labelled QUDUSCHOAKU.
   795 | D:1      | 795 ||| READING scroll labelled ZUIPAL INNYU.
   799 | D:1      | 799 ||| READING scroll labelled ITAISM GAXO.
   800 | D:1      | 800 ||| DROPPING scroll of blinking.
   946 | D:2      | HP: 4/21 [worm (9)]
   948 | D:2      | Mangled by a worm

Levels and vault maps discovered:
D:1:      lemuel_arrival_room, layout_basic, bh_walls_and_bars
D:2:      cheibrodos_old_hovel, layout_loops_ring, minmay_goblin_outpost

Skill      XL: |  1  2  3 |
---------------+----------+-----
Axes           | 3 4 |  4.2
Fighting       | |  2.0
Throwing       | |  1.0
Armour         | |  1.1
Dodging        | |  2.1
Spellcasting   | |  2.0
Translocations | |  2.4

Action                   || total
-------------------------++-------
Melee: Hand axe          ||    61
       Kick              ||    17
       Peck              ||     3
       Punch             ||     1
Throw: Boomerang         ||     7
  Use: Scroll            ||     3
Armor: Leather armour    ||    18
Dodge: Dodged            ||    25

Table legend:
 A = Non-vault XP
 B = Vault XP
 C = Vault XP percentage of total XP
 D = Non-vault monster count
 E = Vault monster count
 F = Vault count percentage of total count
                 A         B        C        D         E       F
            +---------+---------+-------+---------+---------+-------
      Total |      57 |       0 |   0.0 |      32 |       0 |   0.0
            +---------+---------+-------+---------+---------+-------
        D:1 |      49 |       0 |   0.0 |      27 |       0 |   0.0
        D:2 |       8 |       0 |   0.0 |       5 |       0 |   0.0
            +---------+---------+-------+---------+---------+-------
